PIO (24 & UNDER)
CHULA VISTA TACOS @ SASKATOON SMOKIN' GUNS
09/03/2023
 
TOP OF THE 1ST
Chula Vista Tacos batting - Pitching for Saskatoon Smokin' Guns : RHP Bernardo Romero
Pitching: RHP Bernardo Romero
Batting: RHB Jorge Collazo 0-0: Ground out 6-3 (Groundball, 6)
Batting: LHB Alberto Santos 0-0: Called Strike
0-1: Foul Ball, location: 2F
0-2: Ball
1-2: Strikes out swinging
Batting: SHB Adrián Nieto 0-0: Ball
1-0: Ground out 4-3 (Groundball, 4)
Top of the 1st over - 0 run(s), 0 hit(s), 0 error(s), 0 left on base; Chula Vista 0 - Saskatoon 0
BOTTOM OF THE 1ST
Saskatoon Smokin' Guns batting - Pitching for Chula Vista Tacos : RHP Kitahachi Ine
Pitching: RHP Kitahachi Ine
Batting: RHB Tom Rowe 0-0: Ball
1-0: Ground out 5-3 (Groundball, 5S)
Batting: LHB Russell Peck 0-0: Called Strike
0-1: Swinging Strike
0-2: Fly out, F4 (Popup, 4S)
Batting: RHB António Yánez 0-0: Ball
1-0: Ball
2-0: Swinging Strike
2-1: Ball
3-1: Foul Ball, location: 2F
3-2: Strikes out swinging
Bottom of the 1st over - 0 run(s), 0 hit(s), 0 error(s), 0 left on base; Chula Vista 0 - Saskatoon 0
TOP OF THE 2ND
Chula Vista Tacos batting - Pitching for Saskatoon Smokin' Guns : RHP Bernardo Romero
Batting: RHB Marty Hendrickson 0-0: Ball
1-0: DOUBLE (Line Drive, 3L)
Batting: RHB Luis Martínez 0-0: Ball
1-0: Swinging Strike
1-1: Ball
2-1: Swinging Strike
2-2: Strikes out swinging
Batting: RHB Ryan Cates 0-0: Foul Ball, location: 2F
0-1: Ball
1-1: Ball
2-1: Foul Ball, location: 2F
2-2: Ball
3-2: Ground out 6-3 (Groundball, 6)
Batting: RHB Doug Brown 0-0: Foul Ball, location: 2F
0-1: Ball
1-1: Hit by Pitch
Batting: RHB Dave King 0-0: Ball
1-0: SINGLE (Flyball, 6MD)
Marty Hendrickson to third
Doug Brown to second
Runner from 3rd tries for Home, SAFE, no throw or cutoff
Batting: LHB Jaime Icaza 0-0: Called Strike
0-1: Ball
1-1: Ball
2-1: Foul Ball, location: 2F
2-2: Strikes out swinging
Top of the 2nd over - 1 run(s), 2 hit(s), 0 error(s), 2 left on base; Chula Vista 1 - Saskatoon 0
BOTTOM OF THE 2ND
Saskatoon Smokin' Guns batting - Pitching for Chula Vista Tacos : RHP Kitahachi Ine
Batting: RHB Eric Neal 0-0: Called Strike
0-1: Foul Ball, location: 2F
0-2: Fly out, F7 (Line Drive, 78M)
Batting: LHB Raúl Casillán 0-0: Ball
1-0: Fly out, F9 (Line Drive, 89D)
Batting: RHB Raúl Méndez 0-0: Called Strike
0-1: Called Strike
0-2: Ball
1-2: Ball
2-2: Foul Ball, location: 2F
2-2: Strikes out swinging
Bottom of the 2nd over - 0 run(s), 0 hit(s), 0 error(s), 0 left on base; Chula Vista 1 - Saskatoon 0
TOP OF THE 3RD
Chula Vista Tacos batting - Pitching for Saskatoon Smokin' Guns : RHP Bernardo Romero
Batting: RHB Jorge Collazo 0-0: Swinging Strike
0-1: Foul Ball, location: 2F
0-2: Foul Ball, location: 2F
0-2: Ball
1-2: Strikes out swinging
Batting: LHB Alberto Santos 0-0: Called Strike
0-1: Ball
1-1: Ball
2-1: Ground out 3-1 (Groundball, 34)
Batting: SHB Adrián Nieto 0-0: Ball
1-0: SINGLE (Groundball, 3)
Batting: RHB Marty Hendrickson 0-0: Called Strike
0-1: Ball
1-1: Fly out, F8 (Flyball, 78M)
Top of the 3rd over - 0 run(s), 1 hit(s), 0 error(s), 1 left on base; Chula Vista 1 - Saskatoon 0
BOTTOM OF THE 3RD
Saskatoon Smokin' Guns batting - Pitching for Chula Vista Tacos : RHP Kitahachi Ine
Batting: RHB César Rodríguez 0-0: TRIPLE (Line Drive, 7LM)
Batting: RHB Paul Swift 0-0: Fly out, F9 (Flyball, 9LM)
Runner from 3rd tags up, SCORES, no throw
Batting: LHB Bo Rush 0-0: Foul Ball, location: 2F
0-1: Called Strike
0-2: Strikes out looking
Batting: RHB Tom Rowe 0-0: Foul Ball, location: 2F
0-1: Ground out 3-1 (Groundball, 34S)
Bottom of the 3rd over - 1 run(s), 1 hit(s), 0 error(s), 0 left on base; Chula Vista 1 - Saskatoon 1
TOP OF THE 4TH
Chula Vista Tacos batting - Pitching for Saskatoon Smokin' Guns : RHP Bernardo Romero
Batting: RHB Luis Martínez 0-0: Ball
1-0: Foul Ball, location: 2F
1-1: Ball
2-1: Ball
3-1: Ground out 5-3 (Groundball, 56S)
Batting: RHB Ryan Cates 0-0: Ball
1-0: Foul Ball, location: 2F
1-1: Swinging Strike
1-2: Fly out, F6 (Line Drive, 6M)
Batting: RHB Doug Brown 0-0: Ball
1-0: Ball
2-0: Foul Ball, location: 2F
2-1: Swinging Strike
2-2: Ball
3-2: Strikes out swinging
Top of the 4th over - 0 run(s), 0 hit(s), 0 error(s), 0 left on base; Chula Vista 1 - Saskatoon 1
BOTTOM OF THE 4TH
Saskatoon Smokin' Guns batting - Pitching for Chula Vista Tacos : RHP Kitahachi Ine
Batting: LHB Russell Peck 0-0: Fly out, F8 (Line Drive, 8LM)
Batting: RHB António Yánez 0-0: Fly out, F7 (Flyball, 78S)
Batting: RHB Eric Neal 0-0: Called Strike
0-1: Reached on error, E5 (Groundball, 5)
Batting: LHB Raúl Casillán 0-0: Foul Ball, location: 2F
0-1: Foul Ball, location: 2F
0-2: Strikes out swinging
Bottom of the 4th over - 0 run(s), 0 hit(s), 1 error(s), 1 left on base; Chula Vista 1 - Saskatoon 1
TOP OF THE 5TH
Chula Vista Tacos batting - Pitching for Saskatoon Smokin' Guns : RHP Bernardo Romero
Batting: RHB Dave King 0-0: SOLO HOME RUN (Flyball, 7LD), Distance : 407 ft
Batting: LHB Jaime Icaza 0-0: Ball
1-0: Foul Ball, location: 2F
1-1: Called Strike
1-2: Foul Ball, location: 2F
1-2: Ground out 1-3 (Groundball, 13)
Batting: RHB Jorge Collazo 0-0: SINGLE (Groundball, 5D)
Batting: LHB Alberto Santos 0-0: Called Strike
Jorge Collazo steals 2nd base
0-1: SINGLE (Line Drive, 9S)
Jorge Collazo to third
Runner from 3rd tries for Home, SAFE, no throw or cutoff
Batting: SHB Adrián Nieto 0-0: Foul Ball, location: 2F
0-1: Fly out, F8 (Flyball, 8LM)
Batting: RHB Marty Hendrickson 0-0: Ball
1-0: Called Strike
1-1: Ball
2-1: Ball
3-1: Base on Balls
Alberto Santos to second
Batting: RHB Luis Martínez 0-0: Called Strike
0-1: Foul Ball, location: 2F
0-2: Ball
1-2: Ball
2-2: Strikes out looking
Top of the 5th over - 2 run(s), 3 hit(s), 0 error(s), 2 left on base; Chula Vista 3 - Saskatoon 1
BOTTOM OF THE 5TH
Saskatoon Smokin' Guns batting - Pitching for Chula Vista Tacos : RHP Kitahachi Ine
Batting: RHB Raúl Méndez 0-0: Bunted foul
0-1: Called Strike
0-2: Ground out 4-3 (Groundball, 4)
Batting: RHB César Rodríguez 0-0: Ground out 5-3 (Groundball, 56)
Batting: RHB Paul Swift 0-0: Ball
1-0: Swinging Strike
1-1: Called Strike
1-2: Ball
2-2: Foul Ball, location: 2F
2-2: Ball
3-2: Strikes out swinging
Bottom of the 5th over - 0 run(s), 0 hit(s), 0 error(s), 0 left on base; Chula Vista 3 - Saskatoon 1
TOP OF THE 6TH
Chula Vista Tacos batting - Pitching for Saskatoon Smokin' Guns : RHP Bernardo Romero
Batting: RHB Ryan Cates 0-0: DOUBLE (Flyball, 9M)
Batting: RHB Doug Brown 0-0: Intentional Walk
Pitching: RHP Bernie Titus
Batting: RHB Dave King 0-0: Fly out, F9 (Flyball, 89M)
Batting: LHB Jaime Icaza 0-0: Called Strike
0-1: Ball
1-1: Ball
2-1: Called Strike
2-2: Fly out, F8 (Flyball, 8RM)
Batting: RHB Jorge Collazo 0-0: Ball
1-0: Swinging Strike
1-1: Ball
2-1: Foul Ball, location: 2F
2-2: Strikes out swinging
Top of the 6th over - 0 run(s), 1 hit(s), 0 error(s), 2 left on base; Chula Vista 3 - Saskatoon 1
BOTTOM OF THE 6TH
Saskatoon Smokin' Guns batting - Pitching for Chula Vista Tacos : RHP Kitahachi Ine
Batting: LHB Bo Rush 0-0: Fly out, F7 (Flyball, 56D)
Batting: RHB Tom Rowe 0-0: Called Strike
0-1: Hit by Pitch
Pinch Runner at 1st Jason O'Toole:
Batting: LHB Russell Peck 0-0: Ball
1-0: Grounds into double play, 6-4-3 (Groundball, 6M)
Bottom of the 6th over - 0 run(s), 0 hit(s), 0 error(s), 0 left on base; Chula Vista 3 - Saskatoon 1
TOP OF THE 7TH
Chula Vista Tacos batting - Pitching for Saskatoon Smokin' Guns : RHP Bernie Titus
Now at SS: Jason O'Toole
Batting: LHB Alberto Santos 0-0: Ball
1-0: Ground out 4-3 (Groundball, 4M)
Batting: SHB Adrián Nieto 0-0: Foul Ball, location: 2F
0-1: Ball
1-1: Ground out 4-3 (Groundball, 4)
Batting: RHB Marty Hendrickson 0-0: Ball
1-0: Called Strike
1-1: Called Strike
1-2: Foul Ball, location: 2F
1-2: Strikes out swinging
Top of the 7th over - 0 run(s), 0 hit(s), 0 error(s), 0 left on base; Chula Vista 3 - Saskatoon 1
BOTTOM OF THE 7TH
Saskatoon Smokin' Guns batting - Pitching for Chula Vista Tacos : RHP Kitahachi Ine
Batting: RHB António Yánez 0-0: Swinging Strike
0-1: Ball
1-1: Ball
2-1: Ball
3-1: Called Strike
3-2: Base on Balls
Batting: RHB Eric Neal 0-0: Ball
1-0: Ball
2-0: Ball
3-0: Base on Balls
António Yánez to second
Pinch Hitting: RHB Pedro Núńez 0-0: Ball
1-0: Called Strike
1-1: Ball
2-1: Fly out, F2 (Popup, 23F)
Pinch Hitting: LHB Andrew Veeck 0-0: Called Strike
0-1: Ball
1-1: Swinging Strike
1-2: Fielders Choice at 2nd, 6-4 (Groundball, 6M)
António Yánez to third
Pinch Hitting: RHB Kenny Thompson 0-0: Ball
1-0: Foul Ball, location: 2F
1-1: Ball
2-1: SINGLE (Groundball, 4M)
António Yánez scores
Andrew Veeck to second
Batting: RHB Paul Swift 0-0: Swinging Strike
0-1: Ball
1-1: Ground out 5-3 (Groundball, 5)
Bottom of the 7th over - 1 run(s), 1 hit(s), 0 error(s), 2 left on base; Chula Vista 3 - Saskatoon 2
TOP OF THE 8TH
Chula Vista Tacos batting - Pitching for Saskatoon Smokin' Guns : RHP Bernie Titus
Pitching: RHP Lorenzo Montáńez
Now in LF: Pedro Núńez
Now in CF: Andrew Veeck
Now in RF: Alejandro Rojas
Batting: RHB Luis Martínez 0-0: Ball
1-0: Ball
2-0: Ground out 6-3 (Groundball, 6M)
Batting: RHB Ryan Cates 0-0: Fly out, F9 (Flyball, 9M)
Batting: RHB Doug Brown 0-0: Ball
1-0: Ground out 1-3 (Groundball, 13S)
Top of the 8th over - 0 run(s), 0 hit(s), 0 error(s), 0 left on base; Chula Vista 3 - Saskatoon 2
BOTTOM OF THE 8TH
Saskatoon Smokin' Guns batting - Pitching for Chula Vista Tacos : RHP Kitahachi Ine
Now at 3B: Brian Price
Batting: LHB Bo Rush 0-0: Foul Ball, location: 2F
0-1: Foul Ball, location: 2F
0-2: Ball
1-2: SINGLE (Groundball, 23) (infield hit)
Pinch Runner at 1st Luis Suárez:
Pinch Hitting: RHB Gary Spencer 0-0: Ball
1-0: Bunted foul
1-1: Ball
2-1: Bunted foul
2-2: Ball
3-2: 2-RUN HOME RUN (Flyball, 78XD), Distance : 458 ft
Pitching: LHP Brock Saunders
Batting: LHB Russell Peck 0-0: Ball
1-0: Fly out, F5 (Line Drive, 5)
Pitching: LHP Raymond Ritchie
Batting: RHB António Yánez 0-0: Ball
1-0: Ball
2-0: Foul Ball, location: 2F
2-1: Foul Ball, location: 2F
2-2: Ball
3-2: SINGLE (Groundball, 3L)
Batting: RHB Eric Neal 0-0: Ball
1-0: Ball
2-0: Foul Ball, location: 2F
2-1: Grounds into double play, 1-6-3 (Groundball, 13S)
Bottom of the 8th over - 2 run(s), 3 hit(s), 0 error(s), 0 left on base; Chula Vista 3 - Saskatoon 4
TOP OF THE 9TH
Chula Vista Tacos batting - Pitching for Saskatoon Smokin' Guns : RHP Lorenzo Montáńez
Pitching: RHP Clayton Hawkins
Now at SS: Xavier López
Now in CF: Luis Suárez
Batting: RHB Dave King 0-0: Called Strike
0-1: Ball
1-1: Fly out, F8 (Flyball, 8RM)
Batting: LHB Jaime Icaza 0-0: Ball
1-0: Ball
2-0: Ball
3-0: Called Strike
3-1: Foul Ball, location: 2F
3-2: SINGLE (Groundball, 4MD)
Pinch Hitting: RHB Griswold Coleman 0-0: Foul Ball, location: 2F
0-1: Foul Ball, location: 2F
0-2: Ball
1-2: Ball
2-2: Ball
3-2: Foul Ball, location: 2F
3-2: Base on Balls
Jaime Icaza to second
Pinch Hitting: RHB John Nelson 0-0: Ball
1-0: Ground out 4-3 (Groundball, 13)
Jaime Icaza to third
Griswold Coleman to second
Batting: SHB Adrián Nieto 0-0: Called Strike
0-1: Ball
1-1: Ball
2-1: Foul Ball, location: 2F
2-2: Fly out, F9 (Flyball, 89M)
Top of the 9th over - 0 run(s), 1 hit(s), 0 error(s), 2 left on base; Chula Vista 3 - Saskatoon 4
This league is powered by Out of the Park Baseball, the baseball management simulation game for PC, Mac and Linux
Wednesday, December 2nd, 2015 - OOTP Baseball 16.8 Build 38